 Dungeon Crawl Stone Soup version 0.27-a0-333-gfa571bf19a (webtiles) character file.

Game seed: 14225834241285451910

53 inc the Vexing (level 3, -4/14 HPs)
             Began as a Felid Enchanter on Feb 12, 2021.
             Killed from afar by an orc wizard (12 damage)
             ... with a puff of flame
             ... on level 2 of the Dungeon.
             The game lasted 00:03:00 (2189 turns).

inc the Vexing (Felid Enchanter)                    Turns: 2189, Time: 00:03:01

Health: -4/14      AC:  1    Str:  4    XL:     3   Next: 64%
Magic:  1/7        EV: 18    Int: 17    God:
Gold:   93         SH:  0    Dex: 16    Spells: 3/6 levels left
                                        Lives:  0   Deaths: 0

rFire    . . .     SeeInvis +     - Unarmed
rCold    . . .     Faith    .   (shield unavailable)
rNeg     . . .     Spirit   .   (armour unavailable)
rPois    .         Reflect  .   (helmet unavailable)
rElec    .         Harm     .   (cloak unavailable)
rCorr    .         Rampage  .   (gloves unavailable)
Will     .....                  (boots unavailable)
Stlth    +++.......             (no amulet)
HPRegen  0.04/turn              (no ring)
MPRegen  0.10/turn              (no ring)

@: quick
A: very small, no armour, no weapons or thrown items, stealth, claws 1, fangs 3,
see invisible, speed 1, shaggy fur 1, sharp paws
a: no special abilities


You were on level 2 of the Dungeon.
You visited 1 branch of the dungeon, and saw 2 of its levels.

You collected 93 gold pieces.

Inventory:

Scrolls
 b - a scroll of identify {unknown}
 d - a scroll of enchant weapon {unknown}
Potions
 a - a potion of flight {unknown}
 c - a potion of attraction {unknown}


   Skills:
 - Level 2.6 Dodging
 - Level 4.0 Stealth
 - Level 1.0 Unarmed Combat
 - Level 2.0 Spellcasting
 + Level 6.8 Hexes
 - Level 0.1 Ice Magic


You had 3 spell levels left.
You knew the following spells:

 Your Spells              Type           Power        Failure   Level
a - Corona                Hex            26%          1%          1
b - Ensorcelled Hibernat  Hex/Ice        26%          7%          2

Your spell library contained the following spells:

 Spells                   Type           Power        Failure   Level
 Confusing Touch          Hex            24%          3%          3
 Tukima's Dance           Hex            24%          3%          3
 Dazzling Flash           Conj/Hex       26%          14%         3


Dungeon Overview and Level Annotations

Branches:
Dungeon (2/15)

Altars:
Ashenzari
Cheibriados
Okawaru


Innate Abilities, Weirdness & Mutations

You cannot wear armour.
You are incapable of wielding weapons or throwing items.
Your paws allow you to move quietly. (Stealth)
You have sharp claws.
You have razor-sharp teeth.
You have supernaturally acute eyesight. (SInv)
You cover ground quickly.
You are covered in fur. (AC +1)
Your sharp claws are effective at attacking unaware monsters.


Message History

There is an open door here.
There is an open door here. 3 orcs and an orc wizard come into view.
An orc is wielding a +0 whip of distortion.
The orc shouts! x2; The orc wizard shouts!
The orc shouts!
An orc comes into view.
The orc moves out of view.
The orc hits you with a +0 falchion.
Casting: Ensorcelled Hibernation (safe; 7% risk of failure)
Confirm with . or Enter, or press ? or * to list all spells.
Aiming: Ensorcelled Hibernation (safe; 7% risk of failure)
Press: ? - help, Shift-Dir - straight line, f - orc
Aim: an orc, wielding a +0 falchion (chance to affect: 62%)
The orc looks drowsy...
Unknown command.
The helpless orc fails to defend itself.
You claw the orc!
You kill the orc!
Casting: Ensorcelled Hibernation (safe; 7% risk of failure)
Confirm with . or Enter, or press ? or * to list all spells.
Aiming: Ensorcelled Hibernation (safe; 7% risk of failure)
Press: ? - help, Shift-Dir - straight line, f - orc wizard
Aim: an orc wizard, wielding a +0 dagger and wearing a +0 robe (chance to affect: 44%)
The orc wizard resists with some effort.
The orc wizard hits you with a +0 dagger.
Unknown command.
Casting: Ensorcelled Hibernation (safe; 7% risk of failure)
Confirm with . or Enter, or press ? or * to list all spells.
Aiming: Ensorcelled Hibernation (safe; 7% risk of failure)
Press: ? - help, Shift-Dir - straight line, f/p - orc wizard
Aim: an orc wizard, wielding a +0 dagger and wearing a +0 robe (chance to affect: 44%)
The orc wizard resists with some effort.
The orc wizard gestures at you while chanting.
The puff of flame hits you. The orc closely misses you.
Unknown command.
The orc shouts!
The orc wizard gestures at you while chanting.
The puff of flame hits you!
Ouch! That really hurt!
You die... ####.................# #..............>.....## ##............<......o## ##.######.#............. ##### ##.#≈≈≈ #............###...o. ...#≈_.≈#....<.......# ooo

#..#≈>.≈#..#.........# ..
...#≈≈≈≈'..#.........# .#
##.######..#..##@########.#
#.............#..####..o.#
##.#............ooo...####
# #....................#
######.................#
.####............#.....#
................##.....#
....##.....#.....#.....#
.....###.........#######


You could see an orc wizard and 3 orcs.

Vanquished Creatures
  An adder (D:2)
  A worm (D:2)
  2 dart slugs
  4 leopard geckos
  An orc (D:2)
  5 bats
  A giant cockroach (D:1)
  2 goblins (D:2)
  A hobgoblin (D:2)
  4 jackals (D:2)
  A frilled lizard (D:1)
  5 kobolds
  6 rats
34 creatures vanquished.

Vanquished Creatures (others)
  2 plants (D:1)
2 creatures vanquished.

Grand Total: 36 creatures vanquished

Notes
Turn   | Place    | Note
-------+----------+-------------------------------------------
     0 | D:1      | inc the Felid Enchanter began the quest for the Orb.
     0 | D:1      | Reached XP level 1. HP: 7/7 MP: 4/4
   250 | D:1      | Reached skill level 5 in Hexes
   340 | D:1      | Reached XP level 2. HP: 8/11 MP: 6/6
   343 | D:1      | Learned a level 2 spell: Ensorcelled Hibernation
  1060 | D:2      | Reached skill level 6 in Hexes
  1067 | D:2      | Found an iron altar of Okawaru.
  1136 | D:2      | Reached XP level 3. HP: 14/14 MP: 7/7
  1702 | D:2      | Found a snail-covered altar of Cheibriados.
  1720 | D:2      | Found a broken altar of Ashenzari.
  2189 | D:2      | Killed from afar by an orc wizard

Illustrated notes

Levels and vault maps discovered:
D:1:      psy_arrival_radial01, layout_basic, serial_forest,
          infiniplex_forest_clump_medium, infiniplex_forest_zigzag_1,
          infiniplex_forest_pool, infiniplex_forest_clump_long,
          infiniplex_forest_straight_2
D:2:      layout_rooms, general_overflow_altar, okawaru_gym_becter,
          evilmike_ruin_ashenzari

Skill      XL: |  1  2 |
---------------+-------+-----
Hexes          | 5 6 |  6.8
Dodging        | |  2.6
Stealth        | |  4.0
Unarmed Combat | |  1.0
Spellcasting   | |  2.0
Ice Magic      | |  0.1

Action                   || total
-------------------------++-------
Melee: Unarmed           ||    74
       Bite              ||     7
 Cast: Corona            ||     2
       Ensorcelled Hiber ||    29
 Stab: Sleeping          ||    25
Armor: Skin              ||     4
Dodge: Dodged            ||    58

Table legend: (Time is in decaauts)
 A = Elapsed time spent in this place.
 B = Non-inter-level travel time spent in this place.
 C = Inter-level travel time spent in this place.
 D = Time resting spent in this place.
 E = Time spent auto-exploring this place.
 F = Levels seen in this place.
 G = Mean time per level.
                   A        B        C        D        E       F      G
               +--------+--------+--------+--------+--------+-----+--------+
         Total |   1956 |   1943 |     13 |    420 |   1114 |   2 |  978.0 |
       Dungeon |   1956 |   1943 |     13 |    420 |   1114 |   2 |  978.0 |
               +--------+--------+--------+--------+--------+-----+--------+

Top non-repeatable levels by time:
     D:2: 1052 daAuts
     D:1: 903 daAuts
